 Dungeon Crawl Stone Soup version 0.29.0-5-ge4962eb29e (webtiles) character file.

Game seed: 1228844217580558977

23 Bartlander the Cudgeller (level 2, -7/25 HPs)
             Began as a Palentonga Berserker on Aug 28, 2022.
             Was a Follower of Trog.
             Killed from afar by Natasha (9 damage)
             ... with a magic dart
             ... on level 2 of the Dungeon.
             The game lasted 00:06:00 (627 turns).

Bartlander the Cudgeller (Palentonga Berserker)      Turns: 627, Time: 00:06:00

Health: -7/25      AC:  0    Str: 22    XL:     2   Next: 75%
Magic:  2/2        EV: 19    Int:  7    God:    Trog [*.....]
Gold:   44         SH:  0    Dex: 14    Spells: 1/1 levels left

rFire   . . .      SeeInvis +   (weapon currently unavailable)
rCold   . . .      Faith    .   (shield currently unavailable)
rNeg    . . .      Spirit   .   (body armour currently unavailable)
rPois   .          Reflect  .   (helmet currently unavailable)
rElec   .          Harm     .   (cloak currently unavailable)
rCorr   .          Rampage  .   (gloves currently unavailable)
Will    .....                   (no barding)
Stlth   +.........              (no amulet)
HPRegen 0.08/turn               (ring currently unavailable)
MPRegen 0.08/turn               (ring currently unavailable)

@: bat-form (expiring), flying, slowed, quick
A: fast, flying, no casting, tiny, rugged brown scales 3, see invisible,
(deformed body), (roll 1), (armoured tail)
a: Renounce Religion, Berserk


You were on level 2 of the Dungeon.
You worshipped Trog.
Trog was aware of your devotion.
You were a bat.
You visited 1 branch of the dungeon, and saw 2 of its levels.

You collected 44 gold pieces.

Inventory:

Hand Weapons
 a - a +0 mace (melded)
Missiles
 g - 5 poisoned darts
Armour
 b - a +0 animal skin
 i - a +1 ring mail (melded)
Jewellery
 f - a ring of resist corrosion (melded)
Scrolls
 c - 2 scrolls of enchant armour
 d - a scroll of teleportation
 e - a scroll of identify
 h - a scroll of fog {unknown}
Potions
 j - a potion of curing


   Skills:
 + Level 3.2 Fighting
 + Level 3.2 Maces & Flails
 + Level 1.9 Armour
 + Level 2.0 Dodging


You had one spell level left.
You didn't know any spells.
Your spell library contained the following spells:

 Spells                   Type           Power      Damage    Failure   Level
 Sublimation of Blood     Necr           0%         N/A       56%         2
 Petrify                  Tmut/Erth      0%         N/A       99%         4
 Irradiate                Conj/Tmut      0%         3d11      100%        5


Dungeon Overview and Level Annotations

Branches:
Dungeon (2/15)

Altars:

Annotations:
D:2 Natasha


Innate Abilities, Weirdness & Mutations

You are a bat.
You are tiny and dextrous.
You move quickly.
You are flying.
Your equipment is almost entirely melded.
You are incapable of wielding weapons or throwing items.
You cannot cast spells.
(You are completely covered in rugged brown scales. (AC +3, +7% HP))
You have supernaturally acute eyesight. (SInv)
((Armour fits poorly on your strangely shaped body.))
((You can roll at nearby foes to attack.))
((You have a long armoured tail.))


Message History

You resist with significant effort. Natasha misses you.
Natasha attacks as you move away! Natasha closely misses you.
There is a stone staircase leading up here.
You can't go down here!
Okay, then.
Natasha attacks as you move away! Natasha misses you.
Natasha casts a spell.
Natasha attacks as you move away! Natasha completely misses you.
Natasha closely misses you. Natasha barely misses you.
A goblin comes into view. It is wielding a +0 club.
Found a short sword.
Natasha stares at you and mumbles some strange words.
You resist with significant effort.
The shadow imp shouts, "Scamper home, thou warped hasty-witted buzzard-bait!"
Natasha claws you.
* * * LOW HITPOINT WARNING * * *
Okay, then.
You barely miss the goblin.
Your transformation is almost over.
Natasha barely misses you. The goblin closely misses you. Natasha claws you.
* * * LOW HITPOINT WARNING * * *
You hit the goblin.
The goblin is heavily wounded.
Natasha is no longer moving quickly.
Natasha closely misses you. The goblin misses you. Natasha barely misses you.
The goblin barely misses you.
The white imp shouts, "Take thy face hence, thou frothy pigeon-egg haggard!"
You hit the goblin.
The goblin is severely wounded.
Natasha casts a spell.
The goblin hits you with a +0 club.
* * * LOW HITPOINT WARNING * * *
Natasha misses you.
You barely miss the goblin.
The goblin is severely wounded.
The goblin closely misses you.
Natasha stares at you and mumbles some strange words.
The magic dart hits you!
You die...

...........#
...#######<#
#.# #5# #.#
#5# #.#
#.#######5#
#..)..gbh5#
......#####
.####


You could see Natasha, a white imp (summoned), a shadow imp (summoned) and a
goblin.

Vanquished Creatures
  A dart slug (D:1)
  2 ball pythons (D:1)
  2 endoplasms (D:1)
  A giant cockroach (D:1)
  2 hobgoblins (D:1)
  A quokka (D:1)
  5 bats (D:1)
  A frilled lizard (D:1)
  4 goblins (D:1)
19 creatures vanquished.

Notes
Turn   | Place    | Note
-------+----------+-------------------------------------------
     0 | D:1      | Bartlander the Palentonga Berserker began the quest for the
                  | Orb.
     0 | D:1      | Reached XP level 1. HP: 19/19 MP: 1/1
   256 | D:1      | Reached XP level 2. HP: 25/25 MP: 2/2
   602 | D:2      | Noticed Natasha
   626 | D:2      | HP: 1/25 [goblin/+0 club (2)]
   627 | D:2      | Killed from afar by Natasha

Illustrated notes

Levels and vault maps discovered:
D:1:      dpeg_arrival_tiny_c, layout_loops_cross
D:2:      layout_loops_cross, chequers_ecumenical_altar_island, basic_altar,
          uniq_natasha, uniq_robin

Skill      XL: |  1  2 |
---------------+-------+-----
Dodging        | 2 |  2.0
Fighting       | |  3.2
Maces & Flails | |  3.2
Armour         | |  1.9

Action                   || total
-------------------------++-------
Melee: Mace              ||    40
       Tailslap          ||     3
       Unarmed           ||     7
 Abil: Rolling Charge    ||    13
  Use: Scroll            ||     4
Armor: Animal skin       ||     9
       Ring mail         ||     2
Dodge: Dodged            ||    39
